 Dungeon Crawl Stone Soup version 0.32-a0-12-g7fc57aa741 (webtiles) character file.

Game seed: 6781430335189203615

7837 tilp the Jinx (level 11, -2/81 HPs)
             Began as a Vampire Enchanter on Jan 14, 2024.
             Was a Believer of Wu Jian.
             Slain by a gnoll
             ... wielding a +0 flail
             ... led by a gnoll bouda
              (4 damage)
             ... on level 9 of the Dungeon.
             The game lasted 00:19:43 (11664 turns).

tilp the Jinx (Vampire Enchanter)                  Turns: 11664, Time: 00:19:44

Health: -2/81      AC:  9    Str:  7    XL:     11   Next: 2%
Magic:  18/18      EV: 14    Int: 22    God:    Wu Jian [**....]
Gold:   575        SH:  0    Dex: 15    Spells: 9/20 levels left

rFire   . . .        b - +0 scimitar
rCold   . . .        (no shield)
rNeg    + . .        q - +0 steam dragon scales
rPois   +            H - +0 helmet
rElec   .            y - +0 cloak
rCorr   .            v - +1 pair of gloves "Cawnel" {rPois rN+ Stlth+}
SInv    +            (no boots)
Will    ++...        (no amulet)
Stlth   +++++        m - ring of willpower
HPRegen 0.53/turn    (no ring)
MPRegen 0.16/turn

%: no passive effects
@: mighty, brilliant, weakened, healing quickly
A: alive, fangs 3, see invisible, vampiric 2
a: Exsanguinate, Renounce Religion, Wall Jump


You were on level 9 of the Dungeon.
You worshipped Wu Jian.
Wu Jian was pleased with you.
You visited 2 branches of the dungeon, and saw 10 of its levels.
You also visited: Bailey.

You collected 575 gold pieces.

Inventory:

Hand Weapons
 a - a +4 dagger of flaming
 b - a +0 scimitar (weapon)
 c - the +7 dagger "Ogrebane" {vamp, rC- rCorr Int+3}
   (You found it on level 6 of the Dungeon)

   Int+3:     It affects your intelligence (+3).
   rC-:       It makes you vulnerable to cold.
   rCorr:     It protects you from acid and corrosion.
 j - a +1 dagger
 E - a +1 falchion of flaming
Missiles
 g - 4 throwing nets
 h - 9 boomerangs
 k - 2 silver javelins
 n - 20 poisoned darts (quivered)
 B - a curare-tipped dart
Armour
 q - +0 steam dragon scales (worn)
 v - the +1 pair of gloves "Cawnel" (worn) {rPois rN+ Stlth+}
   (You acquired it in a bailey)

   rPois:     It protects you from poison rN+: It protects you from negative
   energy.
   Stlth+:    It makes you more stealthy.
 w - a +2 robe of willpower
 y - a +0 cloak (worn)
 C - a +2 robe of fire resistance
 F - a +1 ring mail of willpower
 H - a +0 helmet (worn)
Magical Staves
 I - a staff of cold
Jewellery
 d - a ring of fire
 m - a ring of willpower (left hand)
 u - a ring of ice
Wands
 s - a wand of flame (19)
 x - a wand of roots (9)
Scrolls
 e - 2 scrolls of teleportation
 A - 2 scrolls of fog
Potions
 f - 3 potions of haste
 l - a potion of heal wounds {unknown}
 o - 2 potions of berserk rage
 p - a potion of enlightenment
 r - a potion of cancellation
 t - a potion of resistance
 z - a potion of might
 D - a potion of attraction {unknown}
 G - a potion of brilliance


   Skills:
 - Level 6.0 Fighting
 - Level 4.2(7.3) Short Blades
 * Level 8.6(9.0) Long Blades
 + Level 2.7 Armour
 - Level 6.0 Dodging
 - Level 10.0 Stealth
 - Level 5.0 Spellcasting
 - Level 2.0 Conjurations
 - Level 10.0 Hexes
 - Level 2.0 Ice Magic
 - Level 2.0 Evocations


You had 9 spell levels left.
You knew the following spells:

 Your Spells              Type           Power      Damage    Failure   Level
a - Ensorcelled Hibernat  Hex/Ice        94%        N/A       1%          2
b - Confusing Touch       Hex            65%        N/A       1%          3
c - Tukima's Dance        Hex            65%        N/A       1%          3
d - Dazzling Flash        Conj/Hex       94%        N/A       2%          3

Your spell library contained the following spells:

 Spells                   Type           Power      Damage    Failure   Level
 Mephitic Cloud           Conj/Alch/Air  12%        N/A       24%         3
 Gell's Gravitas          Tloc           8%         N/A       30%         3
 Teleport Other           Tloc           8%         N/A       30%         3
 Silence                  Hex/Air        20%        N/A       34%         5
 Curse of Agony           Necr           8%         N/A       95%         5
 Conjure Ball Lightning   Conj/Air       7%         3x3d6     100%        6
 Dispersal                Tloc           4%         N/A       100%        6
 Discord                  Hex            32%        N/A       100%        8
 Disjunction              Tloc           4%         N/A       100%        8


Dungeon Overview and Level Annotations

Branches:
Dungeon (9/15)             Temple (1/1) D:7          Bailey (visited)
   Lair: D:8-11         Orc: D:9-12

Altars:
Ashenzari
Cheibriados
Dithmenos
Fedhas
Gozag
Hepliaklqana
Kikubaaqudgha
Makhleb
Nemelex Xobeh
Okawaru
Qazlal
Ru
Sif Muna
Trog
Vehumet
Wu Jian
Xom
Yredelemnul

Annotations:
D:3 exclusion: ogre
D:7 big vault, 1 runed translucent door, 4 exclusions


Innate Abilities, Weirdness & Mutations

Your natural rate of healing is accelerated.
You have razor-sharp teeth.
You have supernaturally acute eyesight. (SInv)
You are afflicted with vampirism and can become a bat while bloodless.


Message History

The orc priest invokes the aid of Beogh against you.
Beogh smites you!
* * * LOW HITPOINT WARNING * * *
The gnoll bouda hits you with a +0 whip.
* * * LOW HITPOINT WARNING * * *
The gnoll barely misses you.
You spin and attack the gnoll bouda.
You closely miss the gnoll bouda.
The gnoll bouda gazes fiercely through you!
You feel your attacks grow feeble. The gnoll bouda misses you.
The orc priest attacks as it pursues you!
The orc priest closely misses you.
The gnoll bouda attacks as it pursues you!
The gnoll bouda hits you with a +0 whip!
* * * LOW HITPOINT WARNING * * *
Items here: ))))) [[ ††.
The gnoll attacks as it pursues you! The gnoll barely misses you.
The gnoll bouda gazes fiercely through you!
You feel as though you will be weak longer.
The gnoll bouda attacks as it pursues you!
The gnoll bouda misses you. The gnoll hits you but does no damage.
The gnoll bouda attacks as it pursues you!
The gnoll bouda hits you with a +0 whip!
* * * LOW HITPOINT WARNING * * *
Unknown command.
It was a potion of might.
You feel very mighty all of a sudden.
The gnoll is no longer moving quickly.
The gnoll bouda barely misses you. The gnoll hits you with a +0 flail.
* * * LOW HITPOINT WARNING * * *
It was a potion of brilliance.
You feel clever all of a sudden.
The gnoll bouda barks out a call to the hunt!
The gnoll picks up the pace!
The gnoll hits you with a +0 flail!
* * * LOW HITPOINT WARNING * * *
The gnoll attacks as it pursues you! The gnoll closely misses you.
It was a potion of magic.
Magic courses through your body. The gnoll hits you with a +0 flail.
You die...

#.............
#......†..........
#.................
#................
#........#.....# #.... .
#.......## ....# #..... .
#....))## ##...# #....###
#.....g.###....# #.....#.
#.......g#@....#####.......
#.(....g.og.........$......
#...............[..........
#.......................)..
#..........................
#..........................
#..........................
#...................#####..
#..[................# #..


You could see an orc priest and 2 gnolls.

Vanquished Creatures
  Harold (D:9)
  An ugly thing (D:9)
  An orc sorcerer (Bailey)
  Jeremiah (D:9)
  A kobold demonologist (Bailey)
  5 yaks (D:9)
  A steam dragon (D:9)
  2 water moccasins
  Duvessa (D:7)
  16 orc warriors
  An ice beast (D:5)
  2 sky beasts
  2 ogres
  3 centaurs
  2 kobold brigands
  A phantom (D:5)
  2 bullfrogs (D:7)
  3 scorpions
  4 wights
  Dowan (D:7)
  9 killer bees
  5 electric eels (Bailey)
  3 hounds
  A gnoll bouda (D:8)
  4 orc priests
  3 jellies
  Crazy Yiuf (D:7)
  3 sleepcaps
  3 iguanas
  11 orc wizards
  10 gnolls
  6 adders
  A shadow imp (D:7)
  A white imp (D:7)
  4 ufetubi
  4 dart slugs
  A ribbon worm (D:5)
  33 orcs
  12 endoplasms
  4 giant cockroaches (D:2)
  23 goblins
  17 hobgoblins
  2 jackals (D:4)
  10 kobolds
  A quokka (D:4)
  4 ball pythons
  2 bats
  9 frilled lizards
  8 rats
246 creatures vanquished.

Vanquished Creatures (collateral kills)
  2 wights (D:9)
2 creatures vanquished.

Vanquished Creatures (others)
  A dancing weapon (Bailey)
1 creature vanquished.

Grand Total: 249 creatures vanquished

Notes
Turn   | Place    | Note
-------+----------+-------------------------------------------
     0 | D:1      | tilp the Vampire Enchanter began the quest for the Orb.
     0 | D:1      | Reached XP level 1. HP: 13/13 MP: 3/3
   203 | D:1      | Reached XP level 2. HP: 16/19 MP: 5/5
   218 | D:1      | Learned a level 2 spell: Ensorcelled Hibernation
   703 | D:1      | Found a faded altar of an unknown god.
  1192 | D:2      | Gained mutation: You are afflicted with vampirism and can
                  | become a bat while bloodless. [Vampire growth]
  1192 | D:2      | Reached XP level 3. HP: 24/24 MP: 6/6
  1196 | D:2      | Learned a level 3 spell: Confusing Touch
  1291 | D:2      | Reached skill level 5 in Hexes
  1438 | D:2      | Reached skill level 1 in Long Blades
  2400 | D:3      | Reached XP level 4. HP: 29/31 MP: 3/7
  2420 | D:3      | Reached skill level 1 in Fighting
  2847 | D:3      | Noticed an ogre
  3277 | D:4      | Noticed a scorpion
  3291 | D:4      | Killed a scorpion
  3292 | D:4      | Reached XP level 5. HP: 37/37 MP: 5/8
  3361 | D:4      | Learned a level 3 spell: Tukima's Dance
  3465 | D:4      | Reached skill level 1 in Ice Magic
  3646 | D:4      | Reached skill level 5 in Stealth
  3755 | D:4      | Reached XP level 6. HP: 44/44 MP: 9/9
  4432 | D:5      | Entered Level 5 of the Dungeon
  4579 | D:5      | Reached XP level 7. HP: 45/51 MP: 2/11
  4856 | D:5      | Learned a level 3 spell: Dazzling Flash
  5711 | D:6      | You fall into a shaft and drop 1 floor!
  5732 | D:7      | Reached XP level 8. HP: 58/58 MP: 12/12
  5774 | D:7      | Noticed Duvessa
  5777 | D:7      | Noticed Dowan
  5784 | D:7      | Killed Duvessa
  5793 | D:7      | Killed Dowan
  5823 | D:7      | Found a staircase to the Ecumenical Temple.
  5889 | D:7      | HP: 2/58 [ufetubus (1)]
  6007 | D:7      | Found a flagged portal.
  6032 | Bailey   | Entered a bailey
  6058 | Bailey   | Reached skill level 1 in Evocations
  6096 | Bailey   | Reached skill level 1 in Conjurations
  6545 | Bailey   | Reached XP level 9. HP: 65/65 MP: 9/14
  6612 | Bailey   | Noticed a kobold demonologist
  6633 | Bailey   | Killed a kobold demonologist
  6718 | Bailey   | Reached skill level 5 in Long Blades
  6730 | Bailey   | Found an iron altar of Okawaru.
  6732 | Bailey   | Noticed an orc sorcerer
  7299 | Bailey   | Acquired a book of Chaos
  7345 | Bailey   | Reached skill level 5 in Dodging
  7496 | Bailey   | Killed an orc sorcerer
  7497 | Bailey   | Reached skill level 5 in Fighting
  7589 | Bailey   | Acquired the +1 pair of gloves "Cawnel" {rPois rN+ Stlth+}
  7815 | Temple   | Found a transporter.
  7815 | Temple   | Found a transporter.
  7815 | Temple   | Found a transporter.
  7815 | Temple   | Found a transporter.
  7815 | Temple   | Entered the Ecumenical Temple
  7836 | Temple   | Became a worshipper of the Wu Jian Council
  7991 | D:6      | Identified the +7 dagger "Ogrebane" {vamp, rC- rCorr Int+3}
  8678 | D:6      | Found a burning altar of Makhleb.
  9227 | D:7      | Found a runed translucent door.
  9228 | D:7      | Noticed Crazy Yiuf
  9257 | D:7      | Reached XP level 10. HP: 74/74 MP: 16/16
  9372 | D:7      | Found a runed translucent door.
  9441 | D:7      | Killed Crazy Yiuf
  9625 | D:8      | Reached skill level 10 in Hexes
 10141 | D:8      | Reached * piety under Wu Jian
 10446 | D:8      | Found a sacrificial altar of Ru.
 10940 | D:9      | Noticed a green ugly thing
 10947 | D:9      | Killed a green ugly thing
 11188 | D:9      | Reached skill level 5 in Spellcasting
 11316 | D:9      | Reached skill level 1 in Armour
 11467 | D:9      | Noticed Harold
 11475 | D:9      | Killed Harold
 11476 | D:9      | Reached skill level 10 in Stealth
 11505 | D:9      | Noticed Jeremiah
 11511 | D:9      | Killed Jeremiah
 11591 | D:9      | Reached ** piety under Wu Jian
 11598 | D:9      | Reached XP level 11. HP: 74/81 MP: 10/18
 11661 | D:9      | HP: 1/81 [gnoll/+0 flail[a gnoll bouda] (9)]
 11664 | D:9      | Slain by a gnoll

Illustrated notes

Levels and vault maps discovered:
D:1:      sevenhm_arrival_forest_fort_small_5, layout_basic,
          shapermc_ecumenical_altar_starsandcircs
D:2:      minmay_chambers_of_ones, layout_basic, minmay_misc_feat_more_columns,
          hangedman_decor_peaks_small
D:3:      layout_loops_ring, hangedman_abyss_or_decor_lesser_grid,
          minmay_lizard_king
D:4:      minmay_clustersquares, layout_basic
D:5:      layout_basic, nicolae_overflow_crystal_walls
D:6:      layout_gridville, lightli_temple_of_fire,
          mainiacjoe_overflow_small_starburst
D:7:      minmay_the_grid_four_pointed_star
          [minmay_the_grid_triangle_9x9_semitri,
          minmay_the_grid_triangle_9x9_zippers_horizontal,
          minmay_the_grid_triangle_9x9_fully_insulated_deathbox,
          minmay_the_grid_triangle_9x9_corrupted_corridor,
          minmay_the_grid_prize_diamond_cup], layout_basic,
          minmay_temple_entry_drinking_statues, enter_bailey_3, uniq_duvessa,
          uniq_crazy_yiuf_cottage
D:8:      layout_basic, kennysheep_little_box
D:9:      layout_big_octagon, lemuel_doored_altar, uniq_harold, uniq_erica,
          uniq_jeremiah
Temple:   hellmonk_temple_divided_pantheon

Skill      XL: |  1  2  3  4  5  6  7  8  9 10 |
---------------+-------------------------------+-----
Hexes          | 5 6 7 8 9 10 | 10.0
Long Blades    | 1 2 3 4 6 8 |  8.6
Short Blades   | 2 3 4 |  4.2
Fighting       | 1 2 3 4 5 6 |  6.0
Dodging        | 3 4 5 6 |  6.0
Ice Magic      | 1 2 |  2.0
Stealth        | 5 6 8 10 | 10.0
Spellcasting   | 3 4 5 |  5.0
Evocations     | 1 2 |  2.0
Conjurations   | 1 2 |  2.0
Armour         | 2 |  2.7

Action                     |  1- 3 |  4- 6 |  7- 9 | 10-12 || total
---------------------------+-------+-------+-------+-------++-------
  Melee: Dagger            |   116 |   130 |   195 |   138 ||   579
         Bite              |    10 |    13 |    27 |    17 ||    67
         Punch             |       |       |     3 |     1 ||     4
         Scimitar          |       |       |       |    15 ||    15
  Throw: Stone             |       |     3 |       |       ||     3
         Dart              |       |     2 |       |       ||     2
   Cast: Ensorcelled Hiber |     5 |    18 |    43 |    57 ||   123
         Confusing Touch   |       |     2 |    12 |     5 ||    19
         Tukima's Dance    |       |     2 |     3 |     8 ||    13
Ability: Lunge             |       |       |     3 |    17 ||    20
         Whirlwind         |       |       |       |     1 ||     1
  Evoke: Wand              |       |       |     7 |       ||     7
    Use: Scroll            |     5 |     4 |     7 |     1 ||    17
         Potion            |       |       |     2 |     3 ||     5
   Stab: Sleeping          |    16 |    12 |    38 |    43 ||   109
         Distracted        |       |     1 |       |       ||     1
         Confused          |       |     1 |     7 |     4 ||    12
         Invisible         |       |       |     1 |       ||     1
 Armour: Robe              |    54 |    41 |    85 |    42 ||   222
         Steam dragon scal |       |       |       |    32 ||    32
  Dodge: Dodged            |    52 |    53 |   116 |    87 ||   308

Table legend: (Time is in decaauts)
 A = Elapsed time spent in this place.
 B = Non-inter-level travel time spent in this place.
 C = Inter-level travel time spent in this place.
 D = Time resting spent in this place.
 E = Time spent auto-exploring this place.
 F = Levels seen in this place.
 G = Mean time per level.
                   A        B        C        D        E       F      G
               +--------+--------+--------+--------+--------+-----+--------+
         Total |  11567 |  11190 |    377 |   1960 |   6791 |  11 | 1051.5 |
       Dungeon |   9813 |   9445 |    368 |   1014 |   6634 |   9 | 1090.3 |
        Temple |     35 |     26 |      9 |      0 |      0 |   1 |   35.0 |
        Bailey |   1718 |   1718 |      0 |    946 |    156 |   1 | 1718.0 |
               +--------+--------+--------+--------+--------+-----+--------+

Top non-repeatable levels by time:
  Bailey: 1718 daAuts
     D:4: 1434 daAuts
     D:7: 1292 daAuts
     D:8: 1291 daAuts
     D:5: 1258 daAuts
     D:2: 1172 daAuts
     D:1: 1030 daAuts
     D:6: 843 daAuts
     D:3: 768 daAuts
     D:9: 722 daAuts
  Temple: 35 daAuts
